 Dungeon Crawl Stone Soup version 0.26-a0-30-g56b8cd3df0 (webtiles) character file.

Game seed: 15295000176086148266, levelgen mode: deterministic

7165 gruber the Fighter (level 10, -2/101 HPs)
             Began as a Black Draconian Transmuter on June 1, 2020.
             Was a High Priest of Cheibriados.
             Slain by a troll (8 damage)
             ... on level 10 of the Dungeon.
             The game lasted 00:14:31 (13886 turns).

gruber the Fighter (Black Draconian Transmuter)    Turns: 13886, Time: 00:14:32

Health: -2/101     AC:  2    Str: 23    XL:     10   Next: 86%
Magic:  11/13      EV: 20    Int: 29    God:    Cheibriados [*****.]
Gold:   466        SH:  0    Dex: 27    Spells: 3/13 levels left

rFire    + . .     SeeInvis .     - Unarmed
rCold    . . .     Gourm    .   (shield currently unavailable)
rNeg     . . .     Faith    .   (armour unavailable)
rPois    x         Spirit   .   (helmet currently unavailable)
rElec    .         Reflect  .   (cloak currently unavailable)
rCorr    .         Harm     .   (gloves currently unavailable)
MR       .....                  (boots currently unavailable)
Stlth    ++........             A - amulet of the acrobat
HPRegen  0.26/turn              q - ring of wizardry
MPRegen  0.13/turn              D - ring of protection from fire

@: spider-form, very slow
A: tiny, (breathe lightning), unfitting armour, AC +7
a: End Transformation, Bend Time, Temporal Distortion, Slouch, Step From Time,
Renounce Religion


You were on level 10 of the Dungeon.
You worshipped Cheibriados.
Cheibriados was extremely pleased with you.
You were not hungry.
You were a venomous arachnid creature.
You visited 2 branches of the dungeon, and saw 11 of its levels.

You collected 466 gold pieces.

Inventory:

Hand Weapons
 l - a +1 spear of flaming
 n - a +1 dagger of venom
Missiles
 a - 150 arrows
 p - 21 poisoned darts (quivered)
 w - a throwing net
Armour
 r - a +0 pair of gloves (melded)
Jewellery
 i - an uncursed amulet of magic regeneration
 q - a ring of wizardry (left front leg)
 A - an amulet of the acrobat (around neck)
 C - an uncursed ring of ice
 D - a ring of protection from fire (right front leg)
Wands
 J - a wand of digging (3)
Scrolls
 b - 5 scrolls of teleportation {unknown}
 d - a scroll of random uselessness {unknown}
 e - 2 scrolls of fear {unknown}
 f - 3 scrolls of immolation {unknown}
 h - a scroll of magic mapping {unknown}
 j - a scroll of enchant weapon {unknown}
 m - 6 scrolls of identify {unknown}
 t - 3 scrolls of fog {unknown}
 x - 3 scrolls of amnesia {unknown}
 y - a scroll of acquirement {unknown}
 E - a scroll of vulnerability {unknown}
 F - a scroll of brand weapon {unknown}
 K - a scroll of noise {unknown}
Potions
 g - 3 potions of magic {unknown}
 k - 2 potions of might {unknown}
 o - 3 potions of heal wounds {unknown}
 s - a potion of degeneration {unknown}
 u - a potion of stabbing {unknown}
 v - a potion of invisibility {unknown}
 z - a potion of brilliance {unknown}
 B - 3 potions of curing
 G - 2 potions of ambrosia {unknown}
 H - a potion of mutation {unknown}
 I - a potion of lignification {unknown}
Comestibles
 c - 24 rations


   Skills:
 * Level 13.3 Fighting
 - Level 1.1 Polearms
 - Level 1.7 Dodging
 - Level 4.6 Unarmed Combat
 - Level 2.0 Spellcasting
 - Level 9.0 Transmutations
 - Level 4.1 Ice Magic
 - Level 3.1 Poison Magic


You had 3 spell levels left.
You knew the following spells:

 Your Spells              Type           Power        Failure   Level  Hunger
a - Beastly Appendage     Tmut           ######       1%          1    None
b - Sticks to Snakes      Tmut           ######..     1%          2    ##.....
c - Spider Form           Tmut/Pois      #####.....   3%          3    ###....
d - Ice Form              Ice/Tmut       #####...     6%          4    ####...

Your spell library contained the following spells:

 Spells                   Type           Power        Failure   Level  Hunger
 Blade Hands              Tmut           ######....   7%          5    ######.


Dungeon Overview and Level Annotations

Branches:
Dungeon (10/15)            Temple (1/1) D:4            Lair (0/6) D:8
    Orc: D:9-12

Altars:
Ashenzari
Cheibriados
Dithmenos
Elyvilon
Fedhas
Gozag
Hepliaklqana
Kikubaaqudgha
Makhleb
Nemelex Xobeh
Okawaru
Qazlal
Ru
Sif Muna
Trog
Uskayaw
Vehumet
Wu Jian
Xom
Yredelemnul
Zin
The Shining One

Shops:
D:5 *   D:7 %   D:8 (

Annotations:
D:2 exclusion: oklob plant


Innate Abilities, Weirdness & Mutations

((You can breathe wild blasts of lightning.))
((Your glossy black scales are hard. (AC +7)))
You cannot fit into any form of body armour.
((You are resistant to electric shocks. (rElec)))
((You are cold-blooded and may be slowed by cold attacks.))


Message History

The troll completely misses you. The troll misses you. The troll claws you.
You hit the troll but do no damage.
The troll looks as sick as possible!
The troll is moderately wounded.
You bite the troll!
The troll looks as sick as possible!
The troll is severely wounded.
The troll bites you!
* * * LOW HITPOINT WARNING * * *
The troll barely misses you. x2
You hit the troll.
The troll is severely wounded.
The troll bites you.
* * * LOW HITPOINT WARNING * * *
The troll misses you. The troll claws you.
* * * LOW HITPOINT WARNING * * *
You hit the troll.
The troll looks as sick as possible!
The troll is almost dead.
The troll bites you!
* * * LOW HITPOINT WARNING * * *
The troll completely misses you. The troll claws you!
You die...

.#.# #.###### .#.# #.#
.#.# #.###### .#.#
##### #.#....# .# #
#...# #.#.##.# .# #.
#...# #.#.##.# # #..
#...# #....#.#
#...#...############.#
+...Ts................
#...#...##############
#.. ##### ##


You could see a troll (extremely poisoned).

Vanquished Creatures
  A two-headed ogre (D:9)
  An unseen horror (D:10)
  A queen bee (D:9)
  A wyvern (D:9)
  3 yaks (D:9)
  2 wargs (D:8)
  A water moccasin (D:7)
  4 orc warriors
  3 ice beasts
  3 sky beasts
  An eye of draining (D:10)
  A black bear (D:7)
  A necrophage (D:9)
  A phantom (D:2)
  2 ogres
  2 centaurs
  Blork the orc (D:6)
  7 bullfrogs
  2 wyvern zombies (D:7)
  2 scorpions
  20 killer bees
  6 crimson imps
  A bullfrog zombie (D:10)
  3 hounds
  A jelly (D:8)
  2 bullfrog skeletons
  9 orc priests
  14 orc wizards
  Jessica (D:2)
  Natasha (D:2)
  6 worker ants
  A hound zombie (D:6)
  A howler monkey zombie (D:9)
  3 gnolls (D:5)
  9 adders
  A shadow imp (D:9)
  2 oozes
  An adder skeleton (D:5)
  A worm (D:2)
  A dart slug (D:3)
  7 leopard geckos
  35 orcs
  4 giant cockroaches
  9 goblins
  8 hobgoblins
  15 jackals
  4 quokkas
  A ball python (D:6)
  21 bats
  3 frilled lizards (D:1)
  2 giant cockroach zombies
  6 kobolds
  A leopard gecko skeleton (D:5)
  2 quokka zombies
  15 rats
257 creatures vanquished.

Vanquished Creatures (collateral kills)
  A necrophage (D:8)
  A water moccasin skeleton (D:4)
  An orc priest (D:3)
  A jelly (D:8)
  Natasha (D:2)
  A gnoll (D:5)
  A worm (D:2)
  An orc (D:3)
8 creatures vanquished.

Vanquished Creatures (others)
  7 toadstools (D:2)
7 creatures vanquished.

Grand Total: 272 creatures vanquished

Notes
Turn   | Place    | Note
-------+----------+-------------------------------------------
     0 | D:1      | gruber the Draconian Transmuter began the quest for the
                  | Orb.
     0 | D:1      | Reached XP level 1. HP: 16/16 MP: 3/3
   623 | D:1      | Reached XP level 2. HP: 23/23 MP: 3/5
   808 | D:1      | Learned a level 2 spell: Sticks to Snakes
   871 | D:1      | Reached XP level 3. HP: 22/28 MP: 6/6
  1891 | D:2      | Found a blossoming altar of Fedhas.
  1909 | D:2      | Noticed an oklob plant
  2076 | D:2      | Noticed Jessica
  2084 | D:2      | Killed Jessica
  2084 | D:2      | Reached skill level 1 in Polearms
  2084 | D:2      | Reached XP level 4. HP: 36/36 MP: 5/7
  2115 | D:2      | Noticed Natasha
  2122 | D:2      | Killed Natasha
  2122 | D:2      | Reached skill level 2 in Fighting
  2348 | D:2      | Reached skill level 3 in Fighting
  2439 | D:2      | Noticed Natasha
  2453 | D:2      | Killed Natasha
  2453 | D:2      | Reached XP level 5. HP: 34/45 MP: 6/8
  2538 | D:2      | Noticed a phantom
  2577 | D:2      | Killed a phantom
  2577 | D:2      | Reached skill level 4 in Fighting
  2701 | D:2      | Found a burning altar of Makhleb.
  2848 | D:3      | Learned a level 3 spell: Spider Form
  3189 | D:3      | Reached skill level 5 in Fighting
  3517 | D:3      | Noticed an ogre
  3547 | D:3      | Reached XP level 6. HP: 56/56 MP: 9/9
  4175 | D:4      | Found a shadowy altar of Dithmenos.
  4458 | D:4      | Found a staircase to the Ecumenical Temple.
  4474 | Temple   | Entered the Ecumenical Temple
  4574 | Temple   | Became a worshipper of Cheibriados the Contemplative
  4840 | D:4      | Found a blossoming altar of Fedhas.
  5058 | D:5      | Entered Level 5 of the Dungeon
  5085 | D:4      | Your scales start taking on a glossy black colour.
  5085 | D:4      | Reached XP level 7. HP: 43/61 MP: 8/10
  5085 | D:4      | Gained mutation: You are resistant to electric shocks.
                  | (rElec) [Black Draconian growth]
  5092 | D:5      | Found Qethuus's Lightly-Used Armoury.
  5096 | D:5      | Reached skill level 5 in Transmutations
  5383 | D:5      | Reached * piety under Cheibriados
  5459 | D:5      | Reached skill level 1 in Poison Magic
  5763 | D:5      | Learned a level 4 spell: Ice Form
  5896 | D:5      | Reached skill level 1 in Ice Magic
  6215 | D:5      | Found a sparkling altar of Nemelex Xobeh.
  6216 | D:5      | Found an opulent altar of Gozag.
  6673 | D:6      | Reached XP level 8. HP: 68/68 MP: 11/11
  6688 | D:6      | Reached ** piety under Cheibriados
  7539 | D:6      | Noticed Blork the orc
  7550 | D:6      | Killed Blork the orc
  8254 | D:7      | Reached *** piety under Cheibriados
  8455 | D:7      | Reached XP level 9. HP: 60/74 MP: 7/12
  8652 | D:7      | Found Vetopn's Food Boutique.
  8875 | D:7      | Found a shimmering altar of Xom.
  8889 | D:7      | Found an ancient bone altar of Kikubaaqudgha.
  8925 | D:7      | Reached skill level 6 in Fighting
  9021 | D:7      | Found a radiant altar of Vehumet.
  9021 | D:7      | Found a sacrificial altar of Ru.
  9022 | D:7      | Found a shattered altar of Ashenzari.
  9469 | D:7      | Found a glowing golden altar of the Shining One.
  9493 | D:7      | Found a stormy altar of Qazlal.
  9773 | D:8      | Reached skill level 7 in Fighting
 10128 | D:8      | Found Xutom's Weapon Emporium.
 10131 | D:8      | Reached **** piety under Cheibriados
 10133 | D:8      | Reached skill level 8 in Fighting
 10623 | D:8      | Found a staircase to the Lair.
 10624 | D:8      | Reached skill level 9 in Fighting
 11009 | D:8      | Reached skill level 10 in Fighting
 11464 | D:9      | Reached XP level 10. HP: 93/93 MP: 8/13
 12280 | D:9      | Noticed a two-headed ogre
 12293 | D:9      | Killed a two-headed ogre
 12293 | D:9      | Reached skill level 11 in Fighting
 12690 | D:9      | Reached ***** piety under Cheibriados
 12691 | D:9      | Reached skill level 12 in Fighting
 13357 | D:10     | Entered Level 10 of the Dungeon
 13425 | D:10     | Killed an unseen horror
 13425 | D:10     | Reached skill level 13 in Fighting
 13886 | D:10     | Slain by a troll

Illustrated notes

Levels and vault maps discovered:
D:1:      dpeg_arrival_subterranean_lakeside_camping, layout_basic,
          minmay_liquid_box, ebering_dispersal_statue_hall,
          minmay_misc_feat_more_columns
D:2:      layout_loops_ring, marbit_many_paths, tgw_fedhas, uniq_jessica,
          uniq_natasha
D:3:      layout_basic, kennysheep_decorative_pillar
D:4:      layout_basic, nicolae_dithmenos_shadow_blocks, kennysheep_mini_moat,
          temple_statues, minmay_misc_feat_x
D:5:      layout_gridville, grunt_temple_overflow_opulence, first_ration,
          minmay_misc_feat_enclosed, roderic_batcave, minmay_shop_damaged
D:6:      layout_basic, uniq_blork_the_orc
D:7:      layout_gridville, gammafunk_temple_overflow_claw,
          nicolae_overflow_quartered_altars, serial_shops, shop
D:8:      layout_loops_ring, erik_lair_orcish_takeover, serial_shops, shop
D:9:      layout_roguey, st_stairs_3, david_nohive_1
D:10:     layout_basic, serial_park_tiny_2, uniq_sonja
Temple:   zaba_magenta_temple

Skill      XL: |  1  2  3  4  5  6  7  8  9 10 |
---------------+-------------------------------+-----
Unarmed Combat | 4 |  4.6
Polearms       | 1 |  1.1
Fighting       | 3 5 10 13 | 13.3
Transmutations | 4 5 8 9 |  9.0
Poison Magic   | 3 |  3.1
Ice Magic      | 3 4 |  4.1
Dodging        | |  1.7
Spellcasting   | |  2.0

Action                   |  1- 3 |  4- 6 |  7- 9 | 10-12 || total
-------------------------+-------+-------+-------+-------++-------
Melee: Unarmed           |   152 |   204 |   392 |   140 ||   888
       Tailslap          |    11 |    27 |    15 |     5 ||    58
       Headbutt          |     2 |     2 |     3 |       ||     7
       Punch             |     1 |     5 |     2 |       ||     8
       Kick              |     1 |     6 |     1 |       ||     8
       Spear             |    11 |    37 |       |       ||    48
Throw: Dart              |       |       |       |     3 ||     3
 Cast: Beastly Appendage |     9 |     9 |     3 |       ||    21
       Sticks to Snakes  |     1 |    10 |     7 |       ||    18
       Spider Form       |       |     4 |    25 |     7 ||    36
       Ice Form          |       |       |     8 |     8 ||    16
Invok: Slouch            |       |       |     1 |     1 ||     2
 Abil: End Transformatio |       |       |       |     1 ||     1
 Stab: Sleeping          |     2 |     2 |     2 |     1 ||     7
       Distracted        |       |     1 |       |       ||     1
  Eat: Chunk             |     4 |    10 |    12 |     7 ||    33
       Ration            |       |       |     1 |       ||     1
Armor: Skin              |    54 |    75 |    62 |    24 ||   215
Dodge: Dodged            |   131 |   157 |   372 |    95 ||   755

Table legend:
 A = Non-vault XP
 B = Vault XP
 C = Vault XP percentage of total XP
 D = Non-vault monster count
 E = Vault monster count
 F = Vault count percentage of total count
                 A         B        C        D         E       F
            +---------+---------+-------+---------+---------+-------
      Total |    8203 |    2034 |  19.9 |     222 |      43 |  16.2
            +---------+---------+-------+---------+---------+-------
        D:1 |      54 |       7 |  11.5 |      29 |       6 |  17.1
        D:2 |     183 |      72 |  28.2 |      15 |       3 |  16.7
        D:3 |     168 |       0 |   0.0 |      41 |       0 |   0.0
        D:4 |     280 |       0 |   0.0 |      12 |       0 |   0.0
        D:5 |     619 |      11 |   1.7 |      20 |       8 |  28.6
        D:6 |     504 |      90 |  15.2 |      18 |       1 |   5.3
        D:7 |    1610 |       0 |   0.0 |      31 |       0 |   0.0
        D:8 |    1278 |     634 |  33.2 |      27 |       9 |  25.0
        D:9 |    2238 |    1220 |  35.3 |      22 |      16 |  42.1
       D:10 |    1269 |       0 |   0.0 |       7 |       0 |   0.0
            +---------+---------+-------+---------+---------+-------
